TOP OF THE 1ST |
Ohio State Buckeyes batting - Pitching for Seton Hall Pirates : RHP Ron McCullough
|
Pitching: RHP Ron McCullough
|
|
Batting: RHB Alan Evans
|
0-0: Ball 1-0: Ball 2-0: Called Strike 2-1: SINGLE (Groundball, 6D) (infield hit)
|
Batting: SHB Bernard Farley
|
0-0: Called Strike 0-1: Swinging Strike 0-2: Strikes out looking
|
Batting: LHB Joel Nelson
|
0-0: Called Strike 0-1: Ball Wild Pitch! Alan Evans to second 1-1: Ball 2-1: Hit by Pitch
|
Batting: LHB Milo Glenn
|
0-0: Called Strike 0-1: Foul Ball, location: 2F 0-2: Strikes out swinging
|
Batting: RHB Richie Sawyer
|
0-0: Ball 1-0: Ball 2-0: Fly out, F8 (Line Drive, 8LM)
|
Top of the 1st over - 0 run(s), 1 hit(s), 0 error(s), 2 left on base; Ohio State 0 - Seton Hall 0 |
BOTTOM OF THE 1ST |
Seton Hall Pirates batting - Pitching for Ohio State Buckeyes : RHP Elijah Justice
|
Pitching: RHP Elijah Justice
|
|
Batting: RHB Tim Torres
|
0-0: Ball 1-0: Called Strike 1-1: Ball 2-1: Foul Ball, location: 2F 2-2: Foul Ball, location: 2F 2-2: Strikes out swinging
|
Batting: RHB Jim Doyle
|
0-0: Swinging Strike 0-1: Ground out 6-3 (Groundball, 6)
|
Batting: LHB Hamilton Hughes
|
0-0: Ball 1-0: Called Strike 1-1: Ball 2-1: Called Strike 2-2: Ground out 5-3 (Groundball, 5)
|
Bottom of the 1st over - 0 run(s), 0 hit(s), 0 error(s), 0 left on base; Ohio State 0 - Seton Hall 0 |
TOP OF THE 2ND |
Ohio State Buckeyes batting - Pitching for Seton Hall Pirates : RHP Ron McCullough
|
Batting: RHB John Robertson
|
0-0: Foul Ball, location: 2F 0-1: Ball 1-1: Swinging Strike 1-2: Hit by Pitch
|
Batting: LHB Roberto Herrera
|
0-0: Ball 1-0: Called Strike 1-1: Called Strike 1-2: Strikes out swinging
|
Batting: RHB George Pierce
|
0-0: Foul Ball, location: 2F 0-1: Ball 1-1: Ball 2-1: Called Strike 2-2: Fielders Choice at 2nd, 5-4 (Groundball, 56)
|
Batting: RHB Frank Hester
|
0-0: Ball 1-0: Swinging Strike 1-1: Foul Ball, location: 2F 1-2: Foul Ball, location: 2F 1-2: Foul Ball, location: 2F 1-2: Foul Ball, location: 2F 1-2: Ball 2-2: Ball 3-2: Base on Balls George Pierce to second
|
Batting: RHB Alan Evans
|
0-0: Ball 1-0: Ball 2-0: SINGLE (Line Drive, 9LS) George Pierce to third Frank Hester to second
|
Batting: SHB Bernard Farley
|
0-0: Foul Ball, location: 2F 0-1: Ball 1-1: Ball 2-1: Called Strike 2-2: Ball 3-2: Foul Ball, location: 2F 3-2: Strikes out looking
|
Top of the 2nd over - 0 run(s), 1 hit(s), 0 error(s), 3 left on base; Ohio State 0 - Seton Hall 0 |
BOTTOM OF THE 2ND |
Seton Hall Pirates batting - Pitching for Ohio State Buckeyes : RHP Elijah Justice
|
Batting: SHB Carlton Moreno
|
0-0: Called Strike 0-1: Called Strike 0-2: Ball 1-2: Foul Ball, location: 2F 1-2: Strikes out swinging
|
Batting: RHB Jorge Flores
|
0-0: Ball 1-0: Ground out U3 (Groundball, 3S)
|
Batting: RHB Luis Reyes
|
0-0: Ball 1-0: Ball 2-0: Ball 3-0: Base on Balls
|
Batting: RHB George Medine
|
0-0: Swinging Strike 0-1: Called Strike Luis Reyes steals 2nd base 0-2: Foul Ball, location: 2F 0-2: Ball 1-2: Foul Ball, location: 2F 1-2: Ground out 6-3 (Groundball, 6M)
|
Bottom of the 2nd over - 0 run(s), 0 hit(s), 0 error(s), 1 left on base; Ohio State 0 - Seton Hall 0 |
TOP OF THE 3RD |
Ohio State Buckeyes batting - Pitching for Seton Hall Pirates : RHP Ron McCullough
|
Batting: LHB Joel Nelson
|
0-0: Called Strike 0-1: Ball 1-1: Foul Ball, location: 2F 1-2: SINGLE (Groundball, 4MD) (infield hit)
|
Batting: LHB Milo Glenn
|
0-0: Called Strike 0-1: Called Strike 0-2: Ball 1-2: Ball 2-2: Foul Ball, location: 2F 2-2: Ball 3-2: Base on Balls Joel Nelson to second
|
Batting: RHB Richie Sawyer
|
0-0: Ball 1-0: 3-RUN HOME RUN (Line Drive, 78XD), Distance : 375 ft
|
Batting: RHB John Robertson
|
0-0: Swinging Strike 0-1: Swinging Strike 0-2: Strikes out swinging
|
Batting: LHB Roberto Herrera
|
0-0: Swinging Strike 0-1: Fly out, F7 (Flyball, 7LM)
|
Batting: RHB George Pierce
|
0-0: Called Strike 0-1: Foul Ball, location: 2F 0-2: Foul Ball, location: 2F 0-2: Strikes out swinging
|
Top of the 3rd over - 3 run(s), 2 hit(s), 0 error(s), 0 left on base; Ohio State 3 - Seton Hall 0 |
BOTTOM OF THE 3RD |
Seton Hall Pirates batting - Pitching for Ohio State Buckeyes : RHP Elijah Justice
|
Batting: RHB Clancy Bradshaw
|
0-0: Ball 1-0: Ball 2-0: Ground out 6-3 (Groundball, 6)
|
Batting: SHB Keith Hale
|
0-0: Ground out 3-1 (Groundball, 34)
|
Batting: RHB Tim Torres
|
0-0: Called Strike 0-1: Ground out 6-3 (Groundball, 6)
|
Bottom of the 3rd over - 0 run(s), 0 hit(s), 0 error(s), 0 left on base; Ohio State 3 - Seton Hall 0 |
TOP OF THE 4TH |
Ohio State Buckeyes batting - Pitching for Seton Hall Pirates : RHP Ron McCullough
|
Batting: RHB Frank Hester
|
0-0: Ball 1-0: Ball 2-0: Foul Ball, location: 2F 2-1: Fly out, F2 (Popup, 2RF)
|
Batting: RHB Alan Evans
|
0-0: Called Strike 0-1: Ball 1-1: Foul Ball, location: 2F 1-2: Ball 2-2: Strikes out swinging
|
Batting: SHB Bernard Farley
|
0-0: Ball 1-0: Swinging Strike 1-1: Fly out, F9 (Flyball, 9M)
|
Top of the 4th over - 0 run(s), 0 hit(s), 0 error(s), 0 left on base; Ohio State 3 - Seton Hall 0 |
BOTTOM OF THE 4TH |
Seton Hall Pirates batting - Pitching for Ohio State Buckeyes : RHP Elijah Justice
|
Batting: RHB Jim Doyle
|
0-0: Foul Ball, location: 2F 0-1: Swinging Strike 0-2: Strikes out looking
|
Batting: LHB Hamilton Hughes
|
0-0: Called Strike 0-1: Ball 1-1: Called Strike 1-2: DOUBLE (Line Drive, 9LM)
|
Batting: SHB Carlton Moreno
|
0-0: Called Strike 0-1: Swinging Strike 0-2: Strikes out swinging
|
Batting: RHB Jorge Flores
|
0-0: Called Strike 0-1: Ball 1-1: SINGLE (Groundball, 56) Hamilton Hughes to third
|
Batting: RHB Luis Reyes
|
0-0: Fielders Choice at 2nd, 6-4 (Groundball, 6)
|
Bottom of the 4th over - 0 run(s), 2 hit(s), 0 error(s), 1 left on base; Ohio State 3 - Seton Hall 0 |
TOP OF THE 5TH |
Ohio State Buckeyes batting - Pitching for Seton Hall Pirates : RHP Ron McCullough
|
Pitching: LHP Patrick Stewart
|
|
Batting: LHB Joel Nelson
|
0-0: Called Strike 0-1: Foul Ball, location: 2F 0-2: Ground out 6-3 (Groundball, 6M)
|
Batting: LHB Milo Glenn
|
0-0: Swinging Strike 0-1: Ball 1-1: Foul Ball, location: 2F 1-2: Ball 2-2: Ball 3-2: Strikes out swinging
|
Batting: RHB Richie Sawyer
|
0-0: Called Strike 0-1: Fly out, F8 (Flyball, 8RM)
|
Top of the 5th over - 0 run(s), 0 hit(s), 0 error(s), 0 left on base; Ohio State 3 - Seton Hall 0 |
BOTTOM OF THE 5TH |
Seton Hall Pirates batting - Pitching for Ohio State Buckeyes : RHP Elijah Justice
|
Batting: RHB George Medine
|
0-0: SINGLE (Groundball, 3D)
|
Batting: RHB Clancy Bradshaw
|
0-0: Ball 1-0: Called Strike 1-1: Reached on error, E4 (Groundball, 4) George Medine to second
|
Batting: SHB Keith Hale
|
0-0: Ball 1-0: Ball 2-0: Swinging Strike 2-1: Foul Ball, location: 2F 2-2: Strikes out swinging
|
Batting: RHB Tim Torres
|
0-0: Called Strike 0-1: Foul Ball, location: 2F 0-2: Foul Ball, location: 2F 0-2: Ball 1-2: Fly out, F8 (Flyball, 8LS)
|
Batting: RHB Jim Doyle
|
0-0: Ball 1-0: Ground out 4-3 (Groundball, 4)
|
Bottom of the 5th over - 0 run(s), 1 hit(s), 1 error(s), 2 left on base; Ohio State 3 - Seton Hall 0 |
TOP OF THE 6TH |
Ohio State Buckeyes batting - Pitching for Seton Hall Pirates : LHP Patrick Stewart
|
Batting: RHB John Robertson
|
0-0: SINGLE (Flyball, 89S)
|
Batting: LHB Roberto Herrera
|
0-0: Called Strike 0-1: Ball 1-1: Swinging Strike 1-2: Ball 2-2: Strikes out looking
|
Batting: RHB George Pierce
|
0-0: Ball 1-0: Fly out, F8 (Flyball, 8LS)
|
Batting: RHB Frank Hester
|
0-0: Ball 1-0: Ball 2-0: Ball 3-0: Called Strike 3-1: Base on Balls John Robertson to second
|
Batting: RHB Alan Evans
|
0-0: Ball 1-0: Ball 2-0: SINGLE (Flyball, 89S) John Robertson to third Frank Hester to second Runner from 3rd tries for Home, SAFE, throw made home Frank Hester to third Alan Evans to second
|
Batting: SHB Bernard Farley
|
0-0: Called Strike 0-1: Swinging Strike 0-2: Strikes out swinging
|
Top of the 6th over - 1 run(s), 2 hit(s), 0 error(s), 2 left on base; Ohio State 4 - Seton Hall 0 |
BOTTOM OF THE 6TH |
Seton Hall Pirates batting - Pitching for Ohio State Buckeyes : RHP Elijah Justice
|
Batting: LHB Hamilton Hughes
|
0-0: Fly out, F7 (Flyball, 7LD)
|
Batting: SHB Carlton Moreno
|
0-0: Ground out 4-3 (Groundball, 4)
|
Batting: RHB Jorge Flores
|
0-0: Ball 1-0: Swinging Strike 1-1: Ball 2-1: Foul Ball, location: 2F 2-2: Fly out, F8 (Flyball, 8LXD)
|
Bottom of the 6th over - 0 run(s), 0 hit(s), 0 error(s), 0 left on base; Ohio State 4 - Seton Hall 0 |
TOP OF THE 7TH |
Ohio State Buckeyes batting - Pitching for Seton Hall Pirates : LHP Patrick Stewart
|
Batting: LHB Joel Nelson
|
0-0: Ball 1-0: Foul Ball, location: 2F 1-1: Ball 2-1: Ball 3-1: Base on Balls
|
Batting: LHB Milo Glenn
|
0-0: Called Strike 0-1: Ball 1-1: SINGLE (Line Drive, 8LS) Joel Nelson to second
|
Pitching: LHP Gerald Shaffer
|
|
Batting: RHB Richie Sawyer
|
0-0: Ball 1-0: Swinging Strike 1-1: Grounds into double play, 5-4-3 (Groundball, 56) Joel Nelson to third
|
Batting: RHB John Robertson
|
0-0: Foul Ball, location: 2F 0-1: Ball 1-1: Ground out 5-3 (Groundball, 5S)
|
Top of the 7th over - 0 run(s), 1 hit(s), 0 error(s), 1 left on base; Ohio State 4 - Seton Hall 0 |
BOTTOM OF THE 7TH |
Seton Hall Pirates batting - Pitching for Ohio State Buckeyes : RHP Elijah Justice
|
Batting: RHB Luis Reyes
|
0-0: Called Strike 0-1: Foul Ball, location: 2F 0-2: Ball 1-2: Foul Ball, location: 2F 1-2: Fly out, F2 (Popup, 2LF)
|
Batting: RHB George Medine
|
0-0: Ball 1-0: Ball 2-0: Ball 3-0: Base on Balls
|
Pitching: LHP George Webb
|
|
Batting: RHB Clancy Bradshaw
|
0-0: Ball
|
|
|
|
1-0: Called Strike 1-1: Ball 2-1: Called Strike 2-2: Strikes out swinging
|
Batting: SHB Keith Hale
|
0-0: Called Strike 0-1: Hit by Pitch George Medine to second
|
Batting: RHB Tim Torres
|
0-0: Called Strike 0-1: SINGLE (Groundball, 5L) George Medine to third Keith Hale to second Runner from 3rd tries for Home, SAFE, no throw or cutoff
|
Batting: RHB Jim Doyle
|
0-0: Called Strike 0-1: SINGLE (Groundball, 6MD) Keith Hale to third Tim Torres to second Runner from 3rd tries for Home, SAFE, no throw or cutoff
|
Batting: LHB Hamilton Hughes
|
0-0: Called Strike 0-1: Foul Ball, location: 2F 0-2: Hit by Pitch Tim Torres to third Jim Doyle to second
|
Batting: SHB Carlton Moreno
|
0-0: Ball 1-0: Called Strike 1-1: Called Strike 1-2: Ground out 5-3 (Groundball, 5S)
|
Bottom of the 7th over - 2 run(s), 2 hit(s), 0 error(s), 3 left on base; Ohio State 4 - Seton Hall 2 |
TOP OF THE 8TH |
Ohio State Buckeyes batting - Pitching for Seton Hall Pirates : LHP Gerald Shaffer
|
Batting: LHB Roberto Herrera
|
0-0: Called Strike 0-1: Reached on error, E4 (Groundball, 4)
|
Batting: RHB George Pierce
|
0-0: Called Strike 0-1: Hit by Pitch
|
Batting: RHB Frank Hester
|
0-0: Ball 1-0: Swinging Strike 1-1: Ball 2-1: Ball 3-1: Base on Balls Roberto Herrera to third George Pierce to second
|
Batting: RHB Alan Evans
|
0-0: Ball 1-0: Swinging Strike 1-1: Called Strike 1-2: Strikes out swinging
|
Batting: SHB Bernard Farley
|
0-0: Ball 1-0: Ball 2-0: Ball 3-0: Called Strike 3-1: Foul Ball, location: 2F 3-2: Foul Ball, location: 2F 3-2: Foul Ball, location: 2F 3-2: Base on Balls Roberto Herrera scores George Pierce to third Frank Hester to second
|
Batting: LHB Joel Nelson
|
0-0: Ball 1-0: Ball 2-0: Foul Ball, location: 2F 2-1: Ball 3-1: Hit by Pitch George Pierce scores Frank Hester to third Bernard Farley to second
|
Pitching: LHP Nathaniel Phillips
|
|
Batting: LHB Milo Glenn
|
0-0: Fielders Choice at 2nd, U4 (Groundball, 4M) Frank Hester scores Bernard Farley to third
|
Batting: RHB Richie Sawyer
|
0-0: Ball 1-0: Foul Ball, location: 2F 1-1: Ball 2-1: Ground out 6-3 (Groundball, 6)
|
Top of the 8th over - 3 run(s), 0 hit(s), 1 error(s), 2 left on base; Ohio State 7 - Seton Hall 2 |
BOTTOM OF THE 8TH |
Seton Hall Pirates batting - Pitching for Ohio State Buckeyes : LHP George Webb
|
Now at 3B: Mario Muñíz
|
|
Batting: RHB Jorge Flores
|
0-0: Called Strike 0-1: Ground out 6-3 (Groundball, 6M)
|
Batting: RHB Luis Reyes
|
0-0: Called Strike 0-1: Ball 1-1: Ball 2-1: Foul Ball, location: 2F 2-2: Ball 3-2: Fly out, F7 (Flyball, 78XD)
|
Batting: RHB George Medine
|
0-0: Ground out 5-3 (Groundball, 5)
|
Bottom of the 8th over - 0 run(s), 0 hit(s), 0 error(s), 0 left on base; Ohio State 7 - Seton Hall 2 |
TOP OF THE 9TH |
Ohio State Buckeyes batting - Pitching for Seton Hall Pirates : LHP Nathaniel Phillips
|
Batting: RHB John Robertson
|
0-0: Swinging Strike 0-1: Ground out 4-3 (Groundball, 4M)
|
Batting: LHB Roberto Herrera
|
0-0: Ball 1-0: SINGLE (Line Drive, 8LS)
|
Batting: RHB George Pierce
|
0-0: Swinging Strike 0-1: Ball 1-1: Called Strike 1-2: Ball 2-2: Strikes out swinging
|
Batting: RHB Frank Hester
|
0-0: Ball 1-0: Swinging Strike 1-1: Foul Ball, location: 2F 1-2: Strikes out looking
|
Top of the 9th over - 0 run(s), 1 hit(s), 0 error(s), 1 left on base; Ohio State 7 - Seton Hall 2 |
BOTTOM OF THE 9TH |
Seton Hall Pirates batting - Pitching for Ohio State Buckeyes : LHP George Webb
|
Now at 1B: Theodore Draper
|
|
Batting: RHB Clancy Bradshaw
|
0-0: Called Strike 0-1: Ball 1-1: SINGLE (Flyball, 8RS)
|
Batting: SHB Keith Hale
|
0-0: Ball 1-0: Called Strike 1-1: Fly out, F8 (Flyball, 8RM)
|
Pitching: LHP Gonzalo Tobías
|
|
Batting: RHB Tim Torres
|
0-0: Ball 1-0: Ball 2-0: Ball 3-0: Called Strike 3-1: Fly out, F8 (Flyball, 8LM)
|
Batting: RHB Jim Doyle
|
0-0: 2-RUN HOME RUN (Flyball, 78XD), Distance : 363 ft
|
Pitching: RHP Jacob Edwards
|
|
Batting: LHB Hamilton Hughes
|
0-0: Ball 1-0: Called Strike 1-1: Swinging Strike 1-2: Ground out 3-1 (Groundball, 34)
|
Bottom of the 9th over - 2 run(s), 2 hit(s), 0 error(s), 0 left on base; Ohio State 7 - Seton Hall 4 |
|
Monday, December 5th, 2016 - OOTP Baseball 17.12 Build 75
|
|